 Dungeon Crawl Stone Soup version 0.30-a0-748-ge6a52f7cba (webtiles) character file.

Game seed: 1272943716839450752

71 Esekla the Sneak (level 4, 31/31 HPs)
             Began as an Octopode Delver on Feb 8, 2023.
             Quit the game on level 5 of the Dungeon.
             The game lasted 00:02:03 (184 turns).

Esekla the Sneak (Octopode Delver)                   Turns: 184, Time: 00:02:03

Health: 31/31      AC:  1    Str: 11    XL:     4   Next: 24%
Magic:  5/5        EV: 18    Int: 14    God:
Gold:   0          SH:  0    Dex: 13    Spells: 5/5 levels left

rFire   . . .      SeeInvis .    a - +0 falchion
rCold   . . .      Faith    .    (no shield)
rNeg    . . .      Spirit   .    (helmet restricted)
rPois   .          Reflect  .    (no amulet)
rElec   .          Harm     .    g - +5 ring of evasion
rCorr   .          Rampage  .    (no ring)
Will    .....                    (no ring)
Stlth   +++++                    (no ring)
HPRegen 0.25/turn                (no ring)
MPRegen 0.09/turn                (no ring)
                                 (no ring)
                                 (no ring)

@: no status effects
A: almost no armour, amphibious, 8 rings, camouflage 1, gelatinous body 1,
(nimble swimmer 1), tentacles
a: no special abilities


You were on level 5 of the Dungeon.
You visited 1 branch of the dungeon, and saw 1 of its levels.

Inventory:

Hand Weapons
 a - a +0 falchion (weapon)
Jewellery
 g - a +5 ring of evasion (left tentacle)
Wands
 f - a wand of digging (3)
Scrolls
 b - a scroll of fog
 c - a scroll of amnesia {unknown}
 d - a scroll of fear
Potions
 e - a potion of curing {unknown}
 h - a potion of cancellation {unknown}


   Skills:
 * Level 3.4 Fighting
 * Level 2.3 Long Blades
 * Level 2.3 Dodging
 + Level 7.6 Stealth
 * Level 1.0 Spellcasting


You had 5 spell levels left.
You didn't know any spells.
Your spell library was empty.

Dungeon Overview and Level Annotations

Branches:
Dungeon (5/15)
 Temple: D:4-7

Altars:

Shops:
D:5 *(


Innate Abilities, Weirdness & Mutations

You cannot wear most types of armour.
You are amphibious.
You can wear up to eight rings at the same time.
Your skin changes colour to match your surroundings (Stealth+).
Your rubbery body absorbs attacks. (AC +1, EV +1)
((You are camouflaged when in or above water. (Stealth+)))
You have tentacles for arms and can constrict up to eight enemies at once.


Message History

The necrophage is severely damaged.
You constrict the necrophage. The phantom misses you.
The necrophage completely misses you.
You hit the necrophage.
The necrophage is almost destroyed.
You constrict the necrophage.
You destroy the necrophage!
The phantom hits you but does no damage.
Your Stealth skill increases to level 7!
You have reached level 2!
You have reached level 3!
Your experience leads to an increase in your attributes!
Increase (S)trength, (I)ntelligence, or (D)exterity?
You feel clever. x2
You have reached level 4!
You feel yourself speed up. The phantom closely misses you.
There is an entrance to Zafaboll's Weapon Emporium here.
There is an open door here.
Your extra speed is starting to run out.
An ice beast comes into view.
You feel yourself slow down.
You see here a +0 scale mail.
You hear the slow hiss of a very distant avalanche of sand.
Found Bitakheme's Assorted Antiques.
Found a viscous yellow potion.
An adder comes into view.
You hit the adder. Your grab misses the adder.
The adder is severely wounded.
The adder misses you.
You hit the adder. You grab the adder. You squeeze the adder.
You kill the adder!
Your Spellcasting skill increases to level 1!
An adder comes into view.
There is an entrance to Bitakheme's Assorted Antiques here.
The adder misses you. The adder completely misses you.
You see here a viscous yellow potion.
e - a viscous yellow potion The adder misses you.
Are you sure you want to abandon this character and quit the game? (Confirm with "yes".)

*,,,+,,,+,****.####..
*,***,,,*,*,#*,* #..
*,*,*,,,*.#.#*,* #..
*,*,****#.#.##.####.#
*,,,,,,,....##.......
**#######.#.#########
#.......#.### ###
####S##......#.#####.[
#....@..∩....#.......#
#.#........###.#####.#
#,#..#.........# #.#
*,#..........#.#***###
*,####+##....+...,,,,.
****+*,,,,,#....#####***#
*,,,,,,,,,,##+###,,,,,***
*,,,,,,,,,,,*,* *,,,,,,**
***,,,,,,,,<,,*,***,,,,*,**


You could see an adder.

Vanquished Creatures
  A necrophage (D:5)
  An adder (D:5)
2 creatures vanquished.

Notes
Turn   | Place    | Note
-------+----------+-------------------------------------------
     0 | D:5      | Esekla the Octopode Delver began the quest for the Orb.
     0 | D:5      | Reached XP level 1. HP: 16/16 MP: 1/1
    88 | D:5      | Found Zafaboll's Weapon Emporium.
    88 | D:5      | Noticed a phantom
    89 | D:5      | Noticed a necrophage
   111 | D:5      | Killed a necrophage
   112 | D:5      | Reached skill level 7 in Stealth
   112 | D:5      | Reached XP level 2. HP: 14/21 MP: 1/3
   112 | D:5      | Reached XP level 3. HP: 17/26 MP: 1/4
   112 | D:5      | Reached XP level 4. HP: 21/31 MP: 1/5
   151 | D:5      | Noticed an ice beast
   168 | D:5      | Found Bitakheme's Assorted Antiques.
   174 | D:5      | Reached skill level 1 in Spellcasting
   184 | D:5      | Quit the game

Illustrated notes

Levels and vault maps discovered:
D:5:      cheibrodos_barr_body, layout_basic, serial_shops, shop,
          enter_ossuary_5, kennysheep_diamond

Skill      XL: |  1  2  3  4 |
---------------+-------------+-----
Stealth        | 7 |  7.6
Spellcasting   | 1 |  1.0
Fighting       | |  3.4
Long Blades    | |  2.3
Dodging        | |  2.3

Action                     |  1- 3 |  4- 6 || total
---------------------------+-------+-------++-------
  Melee: Falchion          |     7 |     2 ||     9
         Constrict         |     1 |     1 ||     2
         Tentacles         |       |     1 ||     1
    Use: Scroll            |     1 |       ||     1
         Potion            |       |     1 ||     1
 Armour: Skin              |     2 |       ||     2
  Dodge: Dodged            |    10 |     5 ||    15

Table legend: (Time is in decaauts)
 A = Elapsed time spent in this place.
 B = Non-inter-level travel time spent in this place.
 C = Inter-level travel time spent in this place.
 D = Time resting spent in this place.
 E = Time spent auto-exploring this place.
 F = Levels seen in this place.
 G = Mean time per level.
                   A        B        C        D        E       F      G
               +--------+--------+--------+--------+--------+-----+--------+
         Total |    172 |    172 |      0 |      0 |      0 |   1 |  172.0 |
       Dungeon |    172 |    172 |      0 |      0 |      0 |   1 |  172.0 |
               +--------+--------+--------+--------+--------+-----+--------+

Top non-repeatable levels by time:
     D:5: 172 daAuts
